Map: Shrines of Lizul

Players

qualmy - Winner!

  • Race: Terran Terran
  • Spawn Location: 3:00

PureLegacy - Winner!

  • Race: Terran Terran
  • Spawn Location: 12:00

Hiries

  • Race: Terran Terran
  • Spawn Location: 6:00

GOVNOMES

  • Race: Zerg Zerg
  • Spawn Location: 9:00

VOD

Have the link to the VOD?

Description

Time

  • Played on: Nov. 27, 2018, 11:06 p.m.
  • Length: 5:40
Show
View Real Time Build Order
Export as new Build Order

qualmy Terran - Winner!

Build Orders: Cyclone Opening 

Get SALT Encoding   

  12  0:01  SCV  
  13  0:13  SCV  
  14  0:21  Supply Depot  
  14  0:25  SCV  
  15  0:31  Refinery  
  15  0:45  Barracks  
  15  0:46  SCV  
  16  0:58  Refinery  
  16  1:00  SCV  
  17  1:12  SCV  
  18  1:24  SCV  
  19  1:33  Factory, Marine  
  19  1:36  SCV  
  21  1:40  Supply Depot  
  21  1:53  Marine  
  22  1:59  Factory  
  22  2:11  Marine  
  23  2:16  SCV  
  23  2:17  Factory Tech Lab  
  24  2:30  Barracks Reactor  
  24  2:33  Orbital Command  
  24  2:38  Supply Depot  
  24  2:44  Factory Tech Lab  
  24  2:48  Cyclone  
  24  3:11  Marine x2  
  25  3:24  Command Center  
  25  3:33  Cyclone  
  28  3:34  Marine  
  28  3:35  Marine  
  32  3:41  Hellion  
  32  3:53  SCV  
  33  4:02  Cyclone  
  36  4:19  Hellion  
  38  4:35  Siege Tank  
  38  4:36  Hellion  
  43  4:47  Hellion  
  45  4:54  SCV  
  45  4:57  Hellion  
  48  5:17  Marauder  
  48  5:19  SCV  
Show
View Real Time Build Order
Export as new Build Order

PureLegacy Terran - Winner!

Build Orders:  

Get SALT Encoding   

  12  0:01  SCV  
  13  0:13  SCV  
  14  0:20  Supply Depot  
  14  0:29  SCV  
  15  0:36  Refinery  
  15  0:41  SCV  
  16  0:46  Barracks  
  16  0:53  SCV  
  17  1:07  Barracks  
  17  1:18  Barracks  
  17  1:21  SCV  
  18  1:33  Reaper  
  18  1:38  Orbital Command  
  19  1:49  Refinery  
  19  2:01  Supply Depot, Reaper  
  19  2:06  Reaper  
  21  2:14  Reaper  
  21  2:15  SCV  
  23  2:27  SCV  
  23  2:28  Supply Depot  
  24  2:33  Reaper  
  25  2:41  Reaper  
  26  2:46  Reaper  
  26  2:47  SCV  
  28  3:06  Reaper  
  28  3:08  Command Center  
  29  3:21  Reaper x2  
  29  3:22  SCV  
  32  3:38  Barracks  
  32  3:40  Barracks, SCV  
  33  3:43  Reaper  
  34  3:52  SCV  
  34  3:53  Supply Depot  
  35  3:56  Reaper  
  35  4:01  Reaper  
  37  4:14  SCV  
  38  4:17  Reaper, Engineering Bay  
  39  4:26  Reaper  
  39  4:28  Reaper  
  41  4:31  Reaper  
  41  4:34  Orbital Command  
  42  4:42  SCV  
  43  4:46  Reaper  
  43  4:52  Refinery, Reaper  
  45  4:54  Refinery  
  45  4:55  SCV  
  46  5:00  Reaper  
  46  5:02  SCV  
  49  5:07  SCV  
  49  5:14  SCV  
  49  5:19  SCV  
  46  5:27  SCV  
Show
View Real Time Build Order
Export as new Build Order

Hiries Terran 

Build Orders:  

Get SALT Encoding   

  12  0:06  SCV  
  13  0:28  Supply Depot  
  13  0:36  SCV  
  14  0:48  SCV  
  15  0:53  Barracks  
  15  0:57  Supply Depot  
  15  1:10  SCV  
  16  1:22  SCV  
  17  1:45  Command Center  
  17  1:49  SCV  
  17  1:53  Marine  
  19  1:54  Refinery  
  19  2:01  SCV  
  20  2:11  Marine  
  21  2:20  Refinery  
  10  3:16  SCV  
  11  3:24  Marine  
  8  3:28  SCV  
  2  3:42  Marine  
  3  4:00  Marine, SCV  
  5  4:12  SCV  
  6  4:18  Marine  
Show
View Real Time Build Order
Export as new Build Order

GOVNOMES Zerg 

Build Orders: Pool Only 

Get SALT Encoding   

  12  0:21  Spawning Pool  
  11  0:46  Drone  
  11  0:47  Drone x2  
  14  0:53  Extractor  
  13  0:58  Extractor  
  12  1:04  Overlord  
  13  1:18  Zergling x2  
  13  1:41  Zergling x4  
  15  1:53  Zergling x2  
  16  1:54  Zergling x2  
  16  1:56  Queen  
  19  2:15  Roach Warren  
  18  2:43  Pneumatized Carapace  
  13  3:24  Roach x2  
  13  3:25  Roach x2  
  21  3:27  Overlord  
  20  4:03  Roach  
  20  4:04  Roach  
  24  4:23  Drone  
  25  4:30  Drone  
  26  4:54  Roach  
Tags
 
Add a new tag
Caveats
  • Supply blocks, unpowered buildings, or Contaminate may cause inaccurate times.
  • Supply counts are checked every 10 seconds.